AoeStats
← PUNISHER

Arena

507540500Analyzed
1v1 RM · 13d ago on Sep 18, 2026· 29m 10s· 2 players
Game mode
Random Map
Map size
Tiny (2 player)
Population
200
Speed
Normal
Resources
Standard
Victory
Conquest
Starting age
Dark Age
Ending age
Imperial Age
RankedLock teamsTeams togetherTeam positionsShared explorationLock speedFull tech treeHidden civsTurbo modeCheats
Victory
Defeat
🇹🇷 Italians · Türkiye
846
+15
🇹🇷 Vietnamese · Türkiye
814
-33
KonarGöçer
7:52 Loom
10:08 Feudal Age
11:07 Double-Bit Axe
11:05 Horse Collar
14:44 Wheelbarrow
14:55 Gold Mining
20:34 Castle Age
19:36 Fletching
19:47 Padded Archer Armor
19:50 Scale Mail Armor
22:04 Bow Saw
21:58 Heavy Plow
21:47 Crossbowman
22:33 Thumb Ring
24:53 Bodkin Arrow
25:43 Ballistics
PUNISHER
3:22 Loom
10:28 Feudal Age
10:59 Double-Bit Axe
17:10 Castle Age
15:23 Horse Collar
16:04 Stone Mining
17:01 Town Watch
17:46 Gold Mining
22:54 Fletching
23:06 Padded Archer Armor
25:47 Leather Archer Armor
27:30 Herbal Medicine
27:56 Sanctity
27:48 Fervor
30:32 Imperial Age
28:37 Bodkin Arrow
29:49 Town Patrol
Connection lost

Rejoining the realm…

Still unreachable

The connection could not be restored.

Session expired

The server has moved on; the page needs a fresh start.